 Dungeon Crawl Stone Soup version 0.27.1-35-g4d5d836560 (webtiles) character file.

Game seed: 3402582697523608206

1557 pkoi the Insei (level 8, -17/63 HPs)
             Began as a Demigod Gladiator on May 19, 2022.
             Demolished by a manticore (18 damage)
             ... on level 7 of the Dungeon.
             The game lasted 00:09:19 (8753 turns).

pkoi the Insei (Demigod Gladiator)                  Turns: 8753, Time: 00:09:20

Health: -17/63     AC: 12    Str: 15    XL:     8   Next: 32%
Magic:  10/10      EV: 14    Int: 18    God:
Gold:   377        SH:  0    Dex: 15    Spells: 7/7 levels left

rFire    . . .     SeeInvis .     - Unarmed
rCold    . . .     Faith    .   (no shield)
rNeg     . . .     Spirit   .   a - +0 leather armour
rPois    .         Reflect  .   i - +0 helmet
rElec    .         Harm     .   (no cloak)
rCorr    .         Rampage  .   (no gloves)
Will     .....                  (no boots)
Stlth    +.........             (no amulet)
HPRegen  0.20/turn              d - +4 ring of protection
MPRegen  0.12/turn              g - +4 ring of protection

@: no status effects
A: high mp 1, forlorn
a: no special abilities


You were on level 7 of the Dungeon.
You visited 1 branch of the dungeon, and saw 7 of its levels.

You collected 377 gold pieces.

Inventory:

Hand Weapons
 j - a +1 dagger
 m - a +3 war axe of electrocution
 o - a +0 whip
 E - a +5 dagger
Missiles
 c - 8 throwing nets (quivered)
 p - 43 poisoned darts
 v - 4 atropa-tipped darts
Armour
 a - a +0 leather armour (worn)
 b - a +0 helmet
 i - a +0 helmet (worn)
Jewellery
 d - a +4 ring of protection (left hand)
 g - a +4 ring of protection (right hand)
 k - a +6 ring of intelligence
 u - a ring of flight
 B - a ring of fire
Wands
 q - a wand of mindburst (11)
 s - a wand of acid (10)
Scrolls
 n - 4 scrolls of enchant weapon
 t - 3 scrolls of identify
 w - 2 scrolls of fog {unknown}
 x - a scroll of amnesia
 y - a scroll of torment {unknown}
 z - 3 scrolls of teleportation
 A - a scroll of blinking {unknown}
 D - a scroll of enchant armour {unknown}
Potions
 e - 3 potions of heal wounds {unknown}
 f - a potion of invisibility
 h - 4 potions of brilliance
 l - 3 potions of curing
 r - a potion of attraction {unknown}
 C - a potion of flight


   Skills:
 - Level 3.0 Fighting
 - Level 1.7 Throwing
 + Level 3.0 Armour
 + Level 5.2 Dodging
 * Level 7.4 Unarmed Combat
 + Level 3.3 Evocations


You had 7 spell levels left.
You didn't know any spells.
Your spell library was empty.

Dungeon Overview and Level Annotations

Branches:
Dungeon (7/15)             Temple (0/1) D:5

Shops:
D:6 (

Annotations:
D:3 Sigmund
D:6 3 runed translucent doors, Selrock's ghost, novice KoBr; lordive's ghost, novice DECj
D:7 2 runed translucent doors


Innate Abilities, Weirdness & Mutations

Your attributes grow dramatically as you level up.
You have an increased reservoir of magic. (+10% MP)
You shall have no god before yourself.


Message History

You hit the manticore. Your punch misses the manticore.
The manticore is lightly wounded.
The manticore barely misses you. x3
You closely miss the manticore.
The manticore is lightly wounded.
The manticore completely misses you. The manticore closely misses you.
The manticore claws you!
You hit the manticore.
The manticore is moderately wounded.
The manticore bites you. The manticore completely misses you.
The manticore claws you.
You hit the manticore but do no damage.
The manticore is moderately wounded.
The manticore misses you. The manticore claws you!
* * * LOW HITPOINT WARNING * * *
The manticore misses you.
You hit the manticore.
The manticore is moderately wounded.
The manticore bites you!
* * * LOW HITPOINT WARNING * * *
The manticore claws you but does no damage.
The manticore closely misses you.
You completely miss the manticore.
The manticore is moderately wounded.
You barely miss the manticore.
The manticore is moderately wounded.
The manticore bites you!
* * * LOW HITPOINT WARNING * * *
The manticore claws you but does no damage.
The manticore closely misses you.
You punch the manticore!
The manticore is heavily wounded.
The manticore bites you but does no damage.
The manticore claws you but does no damage.
The manticore claws you.
* * * LOW HITPOINT WARNING * * *
You barely miss the manticore.
The manticore is heavily wounded.
The manticore bites you!!
You die...

...#.............#8.
...#.............+.
...#....##.......+
...#######.....#.#
...#...........#)##
...#....##........#
...#....##....###'# ...
y..#.....#...##H#.# #..
...#.....'...# #@## #..
...#....##...# ### #.###
...#....##...# #....
y..#...>.....# #....
#....####.## #### ##....
#...(#.....######..######...).
#....#........................
######........................
..........................#.##


You could see a manticore.

Vanquished Creatures
  A black bear (D:5)
  An ogre (D:6)
  A phantom (D:4)
  A kobold brigand (D:6)
  A bullfrog (D:6)
  A water moccasin zombie (D:6)
  A scorpion (D:6)
  6 killer bees (D:7)
  4 wights
  A hound (D:7)
  2 orc priests
  2 jellies
  A bullfrog skeleton (D:5)
  3 gnoll shamans
  2 iguanas (D:6)
  A scorpion zombie (D:5)
  2 orc wizards
  A hound skeleton (D:4)
  11 gnolls
  A howler monkey skeleton (D:6)
  A howler monkey zombie (D:6)
  5 adders
  A white imp (D:6)
  An adder zombie (D:5)
  A worm (D:4)
  A dart slug (D:2)
  6 orcs
  7 endoplasms
  4 giant cockroaches
  5 goblins
  7 hobgoblins
  A quokka (D:4)
  6 ball pythons
  6 bats
  A frilled lizard (D:2)
  12 kobolds
  4 rats
113 creatures vanquished.

Vanquished Creatures (others)
  3 plants (D:7)
  5 withered plants (D:6)
8 creatures vanquished.

Grand Total: 121 creatures vanquished

Notes
Turn   | Place    | Note
-------+----------+-------------------------------------------
     0 | D:1      | pkoi the Demigod Gladiator began the quest for the Orb.
     0 | D:1      | Reached XP level 1. HP: 17/17 MP: 3/3
   115 | D:1      | Reached skill level 3 in Unarmed Combat
   529 | D:1      | Reached XP level 2. HP: 23/24 MP: 4/4
  1269 | D:2      | Reached XP level 3. HP: 24/29 MP: 5/5
  1615 | D:2      | Reached skill level 4 in Unarmed Combat
  2102 | D:3      | Noticed Sigmund
  2464 | D:4      | Reached XP level 4. HP: 35/36 MP: 6/6
  2466 | D:4      | Identified the -2 buckler "Kuzuh" {Int+3}
  2684 | D:4      | Noticed a phantom
  2730 | D:4      | Killed a phantom
  2731 | D:4      | Reached XP level 5. HP: 21/42 MP: 7/7
  3388 | D:5      | Entered Level 5 of the Dungeon
  3411 | D:5      | Noticed a wraith
  4688 | D:5      | Reached skill level 5 in Unarmed Combat
  4790 | D:5      | Reached XP level 6. HP: 20/51 MP: 8/8
  5041 | D:5      | Reached skill level 1 in Evocations
  5043 | D:5      | Found a staircase to the Ecumenical Temple.
  5526 | D:6      | Reached skill level 1 in Armour
  5526 | D:6      | Reached skill level 6 in Unarmed Combat
  5526 | D:6      | Reached XP level 7. HP: 15/57 MP: 9/9
  6276 | D:6      | Found a runed translucent gate.
  6276 | D:6      | Found a runed translucent gate.
  6277 | D:6      | Found a runed translucent gate.
  6288 | D:6      | Noticed lordive's ghost (novice DECj)
  6288 | D:6      | Noticed Selrock's ghost (novice KoBr)
  6299 | D:6      | Found Tirintiff's Weapon Boutique.
  8190 | D:6      | Reached skill level 7 in Unarmed Combat
  8190 | D:6      | Reached XP level 8. HP: 53/61 MP: 10/10
  8291 | D:7      | Found a large runed translucent door.
  8291 | D:7      | Found a large runed translucent door.
  8370 | D:7      | Reached skill level 5 in Dodging
  8743 | D:7      | Noticed a manticore
  8751 | D:7      | HP: 1/63 [manticore (10)]
  8753 | D:7      | Demolished by a manticore

Illustrated notes

Levels and vault maps discovered:
D:1:      giann_forest_graveyard, layout_loops_cross,
          shapermc_ecumenical_altar_starsandcircs, minmay_misc_feat_plants,
          minmay_misc_feat_four_crosses, minmay_tall_x
D:2:      layout_basic, serial_curves, eino_curves_01, eino_curves_01,
          minmay_tetromino_t4
D:3:      layout_basic, grunt_temple_overflow_order_and_chaos_1,
          hangedman_decor_points, palyth_stone_intersect,
          guppyfry_early_lair_pool, uniq_sigmund
D:4:      layout_loops_ring, kennysheep_mini
D:5:      layout_basic, chequers_temple_overflow_statue_of_worship,
          minmay_temple_entry_trees
D:6:      layout_basic, serial_glass, glass_columns_c, glass_columns_b,
          glass_columns_c, glass_columns_b, serial_shops, nicolae_square_shop,
          gammafunk_ghost_cemetery, minmay_misc_feat_more_columns
D:7:      layout_gridville, general_overflow_altar, serial_shops,
          nicolae_shop_overgrown_old_shop, minmay_hollow_rounded_squares

Skill      XL: |  1  2  3  4  5  6  7  8 |
---------------+-------------------------+-----
Unarmed Combat | 3 4 5 6 7 |  7.4
Fighting       | 2 3 |  3.0
Dodging        | 3 4 5 |  5.2
Evocations     | 1 2 3 |  3.3
Armour         | 1 2 3 |  3.0
Throwing       | |  1.7

Action                   |  1- 3 |  4- 6 |  7- 9 || total
-------------------------+-------+-------+-------++-------
Melee: Unarmed           |   178 |   217 |   193 ||   588
       Punch             |     2 |     5 |    10 ||    17
Evoke: Wand              |       |     1 |     5 ||     6
  Use: Scroll            |     3 |     1 |       ||     4
       Potion            |     3 |       |       ||     3
 Stab: Sleeping          |     1 |       |       ||     1
       Distracted        |       |     1 |       ||     1
Armor: Leather armour    |    93 |    99 |    76 ||   268
Dodge: Dodged            |   163 |   158 |   152 ||   473
